[Event "Najdorf Memorial-A 2022"]
[Site "Warsaw"]
[Date "2022.07.14"]
[Round "6.1"]
[White "Rozumek, Krzysztof"]
[Black "Vanduyfhuys, Daria"]
[Result "0-1"]
[ECO "A00"]
[WhiteElo "1801"]
[BlackElo "2094"]
[Annotator "ChessBase"]
[PlyCount "80"]
[EventDate "2022.07.09"]
[EventType "swiss"]
[EventCountry "POL"]
[SourceTitle "playchess.com"]
[Source "ChessBase"]
[SourceQuality "1"]
[TimeControl "40/5400+30:1800+30"]

1. h3 e5 2. c3 d5 3. d4 exd4 4. cxd4 Bd6 5. Nc3 c6 6. Nf3 Nf6 7. Bg5 h6 8. Bxf6 Qxf6 9. e3 Bf5 10. Bd3 Nd7 11. Qe2 O-O 12. Rc1 Rfe8 13. Bxf5 Qxf5 14. Qc2 Qe6 15. O-O Nf6 16. Na4 Ne4 17. Nc5 Qe7 18. Nxe4 dxe4 19. Nd2 Rad8 20. f4 exf3 21. Rxf3 Bb8 22. Qc5 Qc7 23. Nf1 Re6 24. Rc2 Qd7 25. Qf5 Qe8 26. Rcf2 Rd7 27. Qc2 Bc7 28. Qb3 Bd8 29. Nh2 Bg5 30. Ng4 Rde7 31. Kh1 h5 32. Ne5 f6 33. Nc4 Kh8 34. a4 b5 35. axb5 cxb5 36. Na3 Bxe3 37. Rxe3 Rxe3 38. Qd5 Re1+ 39. Kh2 h4 40. Nxb5 Qb8+ 0-1

[Event "Najdorf Memorial-A 2022"]
[Site "Warsaw"]
[Date "2022.07.14"]
[Round "6.2"]
[White "Fiedorek, Michal"]
[Black "Iwanczuk, Krzysztof"]
[Result "1-0"]
[ECO "C54"]
[WhiteElo "2289"]
[BlackElo "1947"]
[Annotator "ChessBase"]
[PlyCount "73"]
[EventDate "2022.07.09"]
[EventType "swiss"]
[EventCountry "POL"]
[SourceTitle "playchess.com"]
[Source "ChessBase"]
[SourceQuality "1"]
[TimeControl "40/5400+30:1800+30"]

1. e4 e5 2. Nf3 Nc6 3. Bc4 Bc5 4. c3 Nf6 5. d3 O-O 6. O-O d5 7. exd5 Nxd5 8. Bb5 Bd6 9. Re1 Re8 10. Nbd2 Nb6 11. a4 a6 12. Bxc6 bxc6 13. a5 Nd5 14. Nc4 f6 15. h3 Bf5 16. d4 e4 17. Nh2 Qd7 18. Nf1 Bg6 19. Qa4 Rad8 20. Nxd6 Qxd6 21. Ne3 Bf7 22. Qd1 g6 23. Ng4 Kh8 24. Qe2 Ra8 25. Nh6 Qd7 26. Bd2 f5 27. c4 Nf6 28. Nxf7+ Qxf7 29. Bf4 c5 30. d5 Nh5 31. Bd2 f4 32. Qg4 Kg8 33. Rad1 c6 34. dxc6 Qxc4 35. Bxf4 Nf6 36. Qg5 Re6 37. c7 1-0

[Event "Najdorf Memorial-A 2022"]
[Site "Warsaw"]
[Date "2022.07.14"]
[Round "6.2"]
[White "Padalka, Artem"]
[Black "Noe, Christopher"]
[Result "0-1"]
[ECO "B10"]
[WhiteElo "2204"]
[BlackElo "2505"]
[Annotator "ChessBase"]
[PlyCount "78"]
[EventDate "2022.07.09"]
[EventType "swiss"]
[EventCountry "POL"]
[SourceTitle "playchess.com"]
[Source "ChessBase"]
[SourceQuality "1"]
[TimeControl "40/5400+30:1800+30"]

1. e4 c6 2. d3 d5 3. Nd2 e5 4. Ngf3 Nd7 5. g3 Ngf6 6. Bg2 Bd6 7. O-O O-O 8. c3 Re8 9. Re1 Bf8 10. Qc2 Qc7 11. Nf1 b6 12. Ne3 Ba6 13. b4 Bxd3 14. Qxd3 dxe4 15. Qc2 exf3 16. Bxf3 a5 17. Rb1 e4 18. Bg2 Ne5 19. Bxe4 Nxe4 20. Qxe4 Rad8 21. Nc2 Qd7 22. Rf1 f5 23. Qe2 Qd5 24. Ne3 Qe4 25. Qc2 Nf3+ 26. Kh1 Rd3 27. Ng2 Red8 28. Be3 h5 29. Bxb6 R8d7 30. Qb3+ Kh7 31. bxa5 h4 32. h3 hxg3 33. fxg3 Rd2 34. Bf2 Bc5 35. Rbd1 Bxf2 36. Qb1 Rxd1 37. Rxd1 Rxd1+ 38. Qxd1 Ne1 39. Qh5+ Kg8 0-1

[Event "Najdorf Memorial-A 2022"]
[Site "Warsaw"]
[Date "2022.07.14"]
[Round "6.3"]
[White "Musial, Tomasz"]
[Black "Pacan-Milej, Kosma"]
[Result "0-1"]
[ECO "B31"]
[WhiteElo "2131"]
[BlackElo "2412"]
[Annotator "ChessBase"]
[PlyCount "62"]
[EventDate "2022.07.09"]
[EventType "swiss"]
[EventCountry "POL"]
[SourceTitle "playchess.com"]
[Source "ChessBase"]
[SourceQuality "1"]
[TimeControl "40/5400+30:1800+30"]

1. e4 c5 2. Nf3 Nc6 3. Bb5 g6 4. Bxc6 bxc6 5. O-O Bg7 6. Re1 Nh6 7. c3 O-O 8. d4 cxd4 9. cxd4 f6 10. Nc3 d6 11. h3 Nf7 12. Be3 Qa5 13. d5 c5 14. Nd2 Rb8 15. Rc1 f5 16. exf5 Bxf5 17. Nc4 Qb4 18. Qe2 Ne5 19. Nxe5 Bxe5 20. Bg5 Rf7 21. g4 Bd7 22. Rc2 h5 23. Qe4 hxg4 24. hxg4 Bxg4 25. Qxb4 Rxb4 26. Ne4 Bf3 27. Ng3 Bxd5 28. Bd2 Rc4 29. Rxc4 Bxc4 30. Bc3 Bxc3 31. bxc3 Bd3 0-1

[Event "Najdorf Memorial-A 2022"]
[Site "Warsaw"]
[Date "2022.07.14"]
[Round "6.3"]
[White "Janeczko, Jakub"]
[Black "Lasota, Adam"]
[Result "1-0"]
[ECO "B00"]
[WhiteElo "2080"]
[BlackElo "1892"]
[Annotator "ChessBase"]
[PlyCount "29"]
[EventDate "2022.07.09"]
[EventType "swiss"]
[EventCountry "POL"]
[SourceTitle "playchess.com"]
[Source "ChessBase"]
[SourceQuality "1"]
[TimeControl "40/5400+30:1800+30"]

1. e4 b6 2. d4 Bb7 3. Nc3 e6 4. a3 Nf6 5. Bd3 c5 6. d5 e5 7. h4 d6 8. g4 Na6 9. g5 Nd7 10. h5 Be7 11. Qg4 Nc7 12. Nf3 Nf8 13. Nh4 Qd7 14. Nf5 O-O-O 15. Nxe7+ 1-0

[Event "Najdorf Memorial-A 2022"]
[Site "Warsaw"]
[Date "2022.07.14"]
[Round "6.4"]
[White "Romanishin, Oleg M"]
[Black "Raczek, Krzysztof"]
[Result "1-0"]
[ECO "E62"]
[WhiteElo "2404"]
[BlackElo "2114"]
[Annotator "ChessBase"]
[PlyCount "93"]
[EventDate "2022.07.09"]
[EventType "swiss"]
[EventCountry "POL"]
[SourceTitle "playchess.com"]
[Source "ChessBase"]
[SourceQuality "1"]
[TimeControl "40/5400+30:1800+30"]

1. d4 Nf6 2. Nf3 g6 3. g3 Bg7 4. Bg2 O-O 5. O-O d6 6. c4 Nc6 7. Nc3 Bf5 8. Bd2 Ne4 9. Be1 e5 10. d5 Nxc3 11. Bxc3 Nb8 12. b4 Re8 13. Nd2 a5 14. bxa5 e4 15. Bxg7 Kxg7 16. Nb3 Na6 17. Qd2 Qf6 18. Qe3 Qe5 19. Rac1 Bd7 20. Rfd1 Ba4 21. Rd2 Bxb3 22. axb3 Nb4 23. Rd4 f5 24. c5 Nxd5 25. Qd2 c6 26. e3 dxc5 27. Rxc5 Qe7 28. b4 Red8 29. Bf1 Nc7 30. a6 Nxa6 31. Bxa6 bxa6 32. Rxc6 Kh6 33. Rcd6 Rxd6 34. Rxd6 Rb8 35. Qd4 Rb7 36. h4 Kh5 37. Kg2 Kh6 38. Qc5 Rc7 39. Qd5 Ra7 40. Re6 Qf7 41. Qe5 Qf8 42. Qf4+ Kg7 43. h5 Qxb4 44. Qe5+ Kg8 45. Re8+ Kf7 46. Qe6+ Kg7 47. Rg8+ 1-0

[Event "Najdorf Memorial-A 2022"]
[Site "Warsaw"]
[Date "2022.07.14"]
[Round "6.4"]
[White "Liberadzki, Slawomir"]
[Black "Lee, Hyuk"]
[Result "0-1"]
[ECO "E81"]
[WhiteElo "2035"]
[BlackElo "1880"]
[Annotator "ChessBase"]
[PlyCount "102"]
[EventDate "2022.07.09"]
[EventType "swiss"]
[EventCountry "POL"]
[SourceTitle "playchess.com"]
[Source "ChessBase"]
[SourceQuality "1"]
[TimeControl "40/5400+30:1800+30"]

1. d4 Nf6 2. c4 g6 3. Nc3 Bg7 4. e4 d6 5. f3 O-O 6. Be3 c5 7. Nge2 Nc6 8. Qd2 Qa5 9. g3 a6 10. Bg2 b5 11. cxb5 axb5 12. O-O b4 13. Nd1 Ba6 14. Re1 Rac8 15. Nf2 Rfd8 16. f4 e6 17. a3 bxa3 18. Qxa5 Nxa5 19. Rxa3 Nc4 20. Rxa6 Nxe3 21. e5 Nfd5 22. Ne4 cxd4 23. Nxd6 Rc2 24. Bxd5 d3 25. Nd4 exd5 26. Nxc2 dxc2 27. Rc6 d4 28. Rxe3 dxe3 29. Rxc2 f6 30. e6 Bf8 31. Rc8 e2 32. Kf2 Rxd6 33. Re8 Rb6 34. e7 e1=Q+ 35. Kxe1 Re6+ 36. Kf2 Rxe7 37. Rxe7 Bxe7 38. Ke3 Kf7 39. Ke4 Ke6 40. g4 f5+ 41. gxf5+ gxf5+ 42. Kd3 Kd5 43. b3 h5 44. Ke3 h4 45. Kd3 Bc5 46. Kc3 Ke4 47. Kc4 Bg1 48. h3 Kxf4 49. b4 Kg3 50. b5 Kxh3 51. Kd5 Kg2 0-1

[Event "Najdorf Memorial-A 2022"]
[Site "Warsaw"]
[Date "2022.07.14"]
[Round "6.5"]
[White "Praczukowski, Stanislaw"]
[Black "Danielyan, Vahe"]
[Result "1-0"]
[ECO "E15"]
[WhiteElo "2055"]
[BlackElo "2295"]
[Annotator "ChessBase"]
[PlyCount "93"]
[EventDate "2022.07.09"]
[EventType "swiss"]
[EventCountry "POL"]
[SourceTitle "playchess.com"]
[Source "ChessBase"]
[SourceQuality "1"]
[TimeControl "40/5400+30:1800+30"]

1. d4 Nf6 2. c4 e6 3. Nf3 b6 4. g3 Ba6 5. b3 Bb4+ 6. Bd2 Be7 7. Nc3 d5 8. cxd5 exd5 9. Bg2 O-O 10. O-O Re8 11. Re1 Bb7 12. Qc2 Na6 13. a3 c5 14. Nb5 cxd4 15. b4 Ne4 16. Nbxd4 Bf6 17. Rac1 Rc8 18. Qd3 Rc4 19. Be3 Nc7 20. Rxc4 dxc4 21. Qxc4 Nd5 22. Bc1 Qd7 23. Bb2 g5 24. Qd3 Nxf2 25. Kxf2 Ne3 26. h3 Nxg2 27. Kxg2 Be4 28. Qc3 h5 29. Kf2 Qxh3 30. Rg1 g4 31. Nh4 Qh2+ 32. Ng2 Re5 33. Qc8+ Kg7 34. Kf1 Rd5 35. e3 Bxg2+ 36. Rxg2 Qh1+ 37. Rg1 Qe4 38. Qc1 Kh7 39. Rg2 Be5 40. Kg1 f5 41. a4 h4 42. gxh4 g3 43. Rc2 Rd7 44. Ba1 f4 45. Ne6 Qxe3+ 46. Qxe3 fxe3 47. Nf8+ 1-0

[Event "Najdorf Memorial-A 2022"]
[Site "Warsaw"]
[Date "2022.07.14"]
[Round "6.5"]
[White "Celinski, Kamil"]
[Black "Goraj, Barbara"]
[Result "1-0"]
[ECO "B30"]
[WhiteElo "1876"]
[BlackElo "2035"]
[Annotator "ChessBase"]
[PlyCount "63"]
[EventDate "2022.07.09"]
[EventType "swiss"]
[EventCountry "POL"]
[SourceTitle "playchess.com"]
[Source "ChessBase"]
[SourceQuality "1"]
[TimeControl "40/5400+30:1800+30"]

1. e4 c5 2. Nf3 Nc6 3. Bb5 e5 4. O-O Bd6 5. c3 a6 6. Ba4 b5 7. Bc2 Nge7 8. d4 cxd4 9. cxd4 exd4 10. Bb3 O-O 11. Nxd4 Nxd4 12. Qxd4 Qc7 13. h3 b4 14. Be3 a5 15. a3 Be5 16. Qd2 bxa3 17. Rxa3 Rb8 18. Rd1 a4 19. Bxa4 Rxb2 20. Qd3 d5 21. Nc3 dxe4 22. Nxe4 Bf5 23. Bb3 Qc6 24. f3 Qg6 25. Bf2 Bxh3 26. g3 Bf5 27. Ra7 Nc6 28. Rxf7 Nd4 29. Bxd4 Qxg3+ 30. Nxg3 Bxd3 31. Rxf8+ Kxf8 32. Bxb2 1-0

[Event "Najdorf Memorial-A 2022"]
[Site "Warsaw"]
[Date "2022.07.14"]
[Round "6.6"]
[White "Chomczyk, Marek"]
[Black "Kaczmarek, Arkadiusz"]
[Result "1-0"]
[ECO "B23"]
[WhiteElo "2290"]
[BlackElo "2147"]
[Annotator "ChessBase"]
[PlyCount "145"]
[EventDate "2022.07.09"]
[EventType "swiss"]
[EventCountry "POL"]
[SourceTitle "playchess.com"]
[Source "ChessBase"]
[SourceQuality "1"]
[TimeControl "40/5400+30:1800+30"]

1. e4 c5 2. Nc3 e6 3. Nf3 a6 4. g3 Nc6 5. Bg2 Nf6 6. d4 cxd4 7. Nxd4 Qc7 8. O-O d6 9. Nxc6 bxc6 10. Na4 Bb7 11. c4 c5 12. Re1 Be7 13. b3 O-O 14. Bb2 Bc6 15. e5 dxe5 16. Bxe5 Qb7 17. Bxc6 Qxc6 18. Qe2 Rfd8 19. Rad1 Rxd1 20. Rxd1 Rd8 21. Rxd8+ Bxd8 22. f3 Nd7 23. Qd3 Be7 24. Bc3 f5 25. Kf2 Kf7 26. Qe3 h6 27. Nb2 Bd6 28. Nd3 Be7 29. Ke2 Bf6 30. Bxf6 Kxf6 31. Qf4 g5 32. Qd2 Kg6 33. Qa5 e5 34. Qd8 Kg7 35. Qe7+ Kg8 36. Nxe5 Nxe5 37. Qxe5 Qc8 38. Qf6 Kh7 39. Qf7+ Kh8 40. Qg6 Qf8 41. Qxa6 Qe7+ 42. Kf2 Kg7 43. Qa5 Qe5 44. Qd2 f4 45. gxf4 gxf4 46. a4 Kg6 47. a5 Qa1 48. Kg2 Qf6 49. Qd3+ Kg7 50. Qd7+ Kg6 51. Qg4+ Kh7 52. Kh3 Qa1 53. Qf5+ Kg7 54. Qxc5 Qf1+ 55. Kg4 Qg2+ 56. Kxf4 Qxh2+ 57. Ke4 Qc2+ 58. Kd5 Qxb3 59. Qc7+ Kg8 60. Qd8+ Kf7 61. Qd7+ Kf6 62. Qe6+ Kg7 63. Qe5+ Kf7 64. Qf5+ Ke7 65. Qe6+ Kf8 66. Qxh6+ Ke7 67. Qe6+ Kf8 68. a6 Qxf3+ 69. Kd6 Qa3+ 70. Kd7 Qa4+ 71. Qc6 Qa5 72. Qf6+ Kg8 73. Qd8+ 1-0

[Event "Najdorf Memorial-A 2022"]
[Site "Warsaw"]
[Date "2022.07.14"]
[Round "6.6"]
[White "Skrzypczynski, Kacper"]
[Black "Gorkiewicz, Mateusz"]
[Result "0-1"]
[ECO "E40"]
[WhiteElo "1793"]
[BlackElo "2023"]
[Annotator "ChessBase"]
[PlyCount "128"]
[EventDate "2022.07.09"]
[EventType "swiss"]
[EventCountry "POL"]
[SourceTitle "playchess.com"]
[Source "ChessBase"]
[SourceQuality "1"]
[TimeControl "40/5400+30:1800+30"]

1. d4 Nf6 2. c4 e6 3. Nc3 Bb4 4. e3 d5 5. Bd3 O-O 6. cxd5 exd5 7. Nge2 c6 8. O-O Re8 9. f3 Nbd7 10. Kh1 Nf8 11. Qc2 Ne6 12. Bd2 Be7 13. Be1 c5 14. b3 cxd4 15. exd4 h6 16. Bf2 a6 17. Na4 Bd6 18. Nc5 Nh5 19. Nxe6 Bxe6 20. Qd2 Qf6 21. Bg1 Qh4 22. Qe1 Qg5 23. Qf2 Nf4 24. Nxf4 Qxf4 25. g3 Qf6 26. Rac1 Rac8 27. Kg2 Ba3 28. Rxc8 Rxc8 29. Qd2 Bf5 30. Bf2 Qg6 31. Bxf5 Qxf5 32. Qa5 Bb2 33. g4 Qd7 34. Qd2 Ba3 35. Qa5 Be7 36. Qd2 Qc7 37. Be3 Ba3 38. Qd3 Qe7 39. Bf2 Bb4 40. Qf5 Qe6 41. Qf4 Rc2 42. Qb8+ Kh7 43. a3 Bxa3 44. Qxb7 Bc1 45. Qb8 Bb2 46. Kg1 Rxf2 47. Rxf2 Bxd4 48. Kg2 Bxf2 49. Kxf2 g6 50. Qf4 Qb6+ 51. Ke2 Kg8 52. Qa4 Kf8 53. Qa3+ Ke8 54. Kd3 Kd7 55. Qb2 Qb4 56. Qc2 a5 57. h4 Kd6 58. Qb2 Qf4 59. Qa3+ Ke6 60. Qf8 Qxf3+ 61. Kd2 Qxb3 62. Qe8+ Kf6 63. Qd8+ Kg7 64. Qxa5 Qc4 0-1

[Event "Najdorf Memorial-A 2022"]
[Site "Warsaw"]
[Date "2022.07.14"]
[Round "6.7"]
[White "Mickiewicz, Piotr"]
[Black "Zdybel, Przemyslaw"]
[Result "1-0"]
[ECO "A16"]
[WhiteElo "2284"]
[BlackElo "2026"]
[Annotator "ChessBase"]
[PlyCount "49"]
[EventDate "2022.07.09"]
[EventType "swiss"]
[EventCountry "POL"]
[SourceTitle "playchess.com"]
[Source "ChessBase"]
[SourceQuality "1"]
[TimeControl "40/5400+30:1800+30"]

1. c4 Nf6 2. Nc3 g6 3. e4 e5 4. Nf3 Nc6 5. d4 exd4 6. Nxd4 Bg7 7. Nxc6 bxc6 8. e5 Qe7 9. Qe2 Ng8 10. Bf4 Rb8 11. O-O-O Rb7 12. Qd2 Qb4 13. Ne4 d5 14. Qxb4 Rxb4 15. a3 Rb6 16. cxd5 cxd5 17. Rxd5 Bb7 18. Bb5+ Rxb5 19. Rxb5 Bxe4 20. Rb8+ Ke7 21. Rd1 g5 22. Bxg5+ f6 23. exf6+ Nxf6 24. Rxh8 Bxh8 25. Re1 1-0

[Event "Najdorf Memorial-A 2022"]
[Site "Warsaw"]
[Date "2022.07.14"]
[Round "6.8"]
[White "Markiewicz, Jerzy"]
[Black "Sowul, Bartosz"]
[Result "1-0"]
[ECO "B57"]
[WhiteElo "2205"]
[BlackElo "2283"]
[Annotator "ChessBase"]
[PlyCount "87"]
[EventDate "2022.07.09"]
[EventType "swiss"]
[EventCountry "POL"]
[SourceTitle "playchess.com"]
[Source "ChessBase"]
[SourceQuality "1"]
[TimeControl "40/5400+30:1800+30"]

1. e4 c5 2. Nf3 Nc6 3. d4 cxd4 4. Nxd4 Nf6 5. Nc3 d6 6. Bc4 Qb6 7. Nb3 e6 8. O-O Be7 9. Be3 Qc7 10. f4 a6 11. a4 Nb4 12. Bd3 e5 13. a5 O-O 14. Ra4 Nxd3 15. Qxd3 exf4 16. Rxf4 Be6 17. Nd4 Nd7 18. Nxe6 fxe6 19. Qc4 Qxc4 20. Rxf8+ Kxf8 21. Rxc4 Bd8 22. Rb4 Rb8 23. Ra4 Rc8 24. Rb4 Nc5 25. Rc4 Rc6 26. e5 Nd7 27. Rxc6 bxc6 28. exd6 Bxa5 29. Ne4 h6 30. Nc5 Nxc5 31. Bxc5 Bd8 32. c4 Ke8 33. Bd4 Bf6 34. Bxf6 gxf6 35. c5 f5 36. Kf2 e5 37. Kf3 h5 38. Kg3 Kd7 39. Kh4 Ke6 40. Kxh5 e4 41. Kh4 f4 42. Kg4 f3 43. gxf3 e3 44. Kg3 1-0

[Event "Najdorf Memorial-A 2022"]
[Site "Warsaw"]
[Date "2022.07.14"]
[Round "6.8"]
[White "Jaskiewicz, Kacper"]
[Black "Kaczmarska, Joanna"]
[Result "1-0"]
[ECO "C60"]
[WhiteElo "1756"]
[BlackElo "1965"]
[Annotator "ChessBase"]
[PlyCount "127"]
[EventDate "2022.07.09"]
[EventType "swiss"]
[EventCountry "POL"]
[SourceTitle "playchess.com"]
[Source "ChessBase"]
[SourceQuality "1"]
[TimeControl "40/5400+30:1800+30"]

1. e4 e5 2. Nf3 Nc6 3. Bb5 g6 4. c3 d6 5. d4 Bd7 6. Be3 Bg7 7. Nbd2 h6 8. dxe5 dxe5 9. Bc5 a6 10. Bc4 b6 11. Ba3 Na5 12. Bd3 Ne7 13. Qe2 Qc8 14. Nf1 c5 15. b4 Nb7 16. Bxa6 b5 17. Bxb7 Qxb7 18. Bb2 Be6 19. a3 Bc4 20. Qe3 Rd8 21. N1d2 Rd3 22. Qxc5 O-O 23. Nxc4 Rc8 24. Nd6 Rxd6 25. Qxd6 Qxe4+ 26. Kf1 Nd5 27. Re1 Qd3+ 28. Kg1 e4 29. Nh4 Qd2 30. Rf1 e3 31. Nf3 Qxb2 32. Qxd5 exf2+ 33. Rxf2 Qc1+ 34. Rf1 Qe3+ 35. Rf2 Rxc3 36. h3 Rc1+ 37. Kh2 Rxh1+ 38. Kxh1 Qxf2 39. Qxb5 Bf8 40. Qd3 Qb2 41. Kh2 Be7 42. Qa6 Qc3 43. h4 Qc7+ 44. Kg1 Bd6 45. Qd3 Bg3 46. Qe3 Bf4 47. Qd4 Qc1+ 48. Kf2 Qc2+ 49. Kf1 Bg3 50. Qd2 Qb1+ 51. Ke2 Qe4+ 52. Qe3 Qc4+ 53. Qd3 Qa2+ 54. Nd2 Bf4 55. b5 Kh7 56. g3 Bxd2 57. Qxd2 Qxa3 58. Qd5 Kg8 59. Qd8+ Kh7 60. b6 Qxg3 61. Qc7 Qg2+ 62. Kd3 Qd5+ 63. Kc3 Qa5+ 64. Kc4 1-0

[Event "Najdorf Memorial-A 2022"]
[Site "Warsaw"]
[Date "2022.07.14"]
[Round "6.9"]
[White "Fiszer, Bartosz"]
[Black "Backiel, Hubert"]
[Result "1/2-1/2"]
[ECO "C78"]
[WhiteElo "2228"]
[BlackElo "2045"]
[Annotator "ChessBase"]
[PlyCount "76"]
[EventDate "2022.07.09"]
[EventType "swiss"]
[EventCountry "POL"]
[SourceTitle "playchess.com"]
[Source "ChessBase"]
[SourceQuality "1"]
[TimeControl "40/5400+30:1800+30"]

1. e4 e5 2. Nf3 Nc6 3. Bb5 a6 4. Ba4 Nf6 5. O-O b5 6. Bb3 Bc5 7. c3 d6 8. d4 Bb6 9. h3 h6 10. Be3 O-O 11. Nbd2 Bb7 12. dxe5 dxe5 13. Qe2 Nh5 14. Bxb6 Nf4 15. Qe3 cxb6 16. Nxe5 Qg5 17. Ng4 Ne5 18. Nf3 Nxg4 19. Nxg5 Nxe3 20. fxe3 Ne2+ 21. Kf2 hxg5 22. Kxe2 Bxe4 23. Rad1 Bxg2 24. Rg1 Be4 25. Rd7 g6 26. Rxg5 Bf5 27. Rb7 Kg7 28. Rxb6 Rfb8 29. Rxb8 Rxb8 30. Bd5 Bxh3 31. e4 Kf6 32. Rg3 Be6 33. Kd3 Ke5 34. Rg5+ Kf4 35. Rg2 Ke5 36. Rg5+ Kf4 37. Rg2 Ke5 38. Rg5+ Kf4 1/2-1/2

[Event "Najdorf Memorial-A 2022"]
[Site "Warsaw"]
[Date "2022.07.14"]
[Round "6.9"]
[White "Adamski, Jan"]
[Black "Haliniak, Wojciech"]
[Result "1/2-1/2"]
[ECO "A04"]
[WhiteElo "2136"]
[BlackElo "1827"]
[Annotator "ChessBase"]
[PlyCount "20"]
[EventDate "2022.07.09"]
[EventType "swiss"]
[EventCountry "POL"]
[SourceTitle "playchess.com"]
[Source "ChessBase"]
[SourceQuality "1"]
[TimeControl "40/5400+30:1800+30"]

1. Nf3 f5 2. c4 Nf6 3. Nc3 g6 4. d3 d6 5. e4 e5 6. exf5 Bxf5 7. d4 e4 8. Nd2 Nc6 9. Be2 Qd7 10. Nb3 Ng8 1/2-1/2

[Event "Najdorf Memorial-A 2022"]
[Site "Warsaw"]
[Date "2022.07.14"]
[Round "6.10"]
[White "Maslanka, Wojciech"]
[Black "Golubka, Petro"]
[Result "0-1"]
[ECO "B41"]
[WhiteElo "2000"]
[BlackElo "2378"]
[Annotator "ChessBase"]
[PlyCount "102"]
[EventDate "2022.07.09"]
[EventType "swiss"]
[EventCountry "POL"]
[SourceTitle "playchess.com"]
[Source "ChessBase"]
[SourceQuality "1"]
[TimeControl "40/5400+30:1800+30"]

1. e4 c5 2. Nf3 e6 3. d4 cxd4 4. Nxd4 a6 5. c4 d6 6. Nc3 Nf6 7. Be2 Be7 8. Be3 O-O 9. O-O b6 10. Qd2 Bb7 11. f3 Nbd7 12. Rfd1 Kh8 13. Rac1 Rg8 14. b4 Rc8 15. a3 h6 16. Nb3 g5 17. Bf2 Ne5 18. Na4 Nfd7 19. Qd4 Rc6 20. b5 axb5 21. cxb5 Rxc1 22. Rxc1 d5 23. Nxb6 Qxb6 24. Qxb6 Nxb6 25. Bxb6 Bf6 26. a4 dxe4 27. fxe4 Bxe4 28. a5 Bd5 29. Nd2 g4 30. Be3 Nf3+ 31. Kh1 Nh4 32. Bf1 Nf5 33. Bc5 g3 34. h3 Bg5 35. Bb4 Ne3 36. b6 Nxf1 37. Rxf1 Be3 38. Bc3+ Kh7 39. Rxf7+ Kg6 40. Rf6+ Kh5 41. Nf1 Rc8 42. Be1 Rc1 43. Bxg3 Bd4 44. Rf4 e5 45. Rf8 Bc5 46. Rf6 Kg5 47. Bxe5 Rc2 48. h4+ Kxh4 49. Rg6 Rxg2 50. Bf6+ Rg5+ 51. Kh2 Bg1# 0-1

[Event "Najdorf Memorial-A 2022"]
[Site "Warsaw"]
[Date "2022.07.14"]
[Round "6.10"]
[White "Hertlein, Irena"]
[Black "Kulpa, Zuzanna"]
[Result "1/2-1/2"]
[ECO "C95"]
[WhiteElo "1850"]
[BlackElo "1985"]
[Annotator "ChessBase"]
[PlyCount "82"]
[EventDate "2022.07.09"]
[EventType "swiss"]
[EventCountry "POL"]
[SourceTitle "playchess.com"]
[Source "ChessBase"]
[SourceQuality "1"]
[TimeControl "40/5400+30:1800+30"]

1. e4 e5 2. Nf3 Nc6 3. Bb5 a6 4. Ba4 Nf6 5. O-O Be7 6. Re1 b5 7. Bb3 d6 8. c3 O-O 9. h3 Nb8 10. d4 Nbd7 11. c4 c6 12. Nc3 b4 13. Nb1 c5 14. d5 Nb6 15. Nbd2 a5 16. a4 Ba6 17. Ba2 Re8 18. b3 Bf8 19. Nf1 g6 20. Bb1 Bg7 21. Ra2 Nh5 22. g3 Qd7 23. Kg2 Rab8 24. Be3 h6 25. N1h2 Nf6 26. Rh1 Rbd8 27. Qc1 Bc8 28. Ng4 h5 29. Nh6+ Kf8 30. Bg5 Ke7 31. Bxf6+ Bxf6 32. Ng5 Rf8 33. Nh7 Rh8 34. Nxf6 Kxf6 35. g4 Kg7 36. g5 Rdf8 37. f4 exf4 38. Rf2 f6 39. Rxf4 fxg5 40. Rxf8 Rxf8 41. Qxg5 Qd8 1/2-1/2

[Event "Najdorf Memorial-A 2022"]
[Site "Warsaw"]
[Date "2022.07.14"]
[Round "6.11"]
[White "Murchadha, Oissine"]
[Black "Bartodziej, Bartosz"]
[Result "1/2-1/2"]
[ECO "B51"]
[WhiteElo "1984"]
[BlackElo "1809"]
[Annotator "ChessBase"]
[PlyCount "91"]
[EventDate "2022.07.09"]
[EventType "swiss"]
[EventCountry "POL"]
[SourceTitle "playchess.com"]
[Source "ChessBase"]
[SourceQuality "1"]
[TimeControl "40/5400+30:1800+30"]

1. e4 c5 2. Nf3 d6 3. Bb5+ Nd7 4. c4 Ngf6 5. Nc3 g6 6. h3 Bg7 7. d3 O-O 8. Ba4 a6 9. O-O Rb8 10. Be3 b5 11. Bb3 bxc4 12. dxc4 a5 13. Qc2 Ba6 14. Rab1 Qc7 15. Rfe1 Nb6 16. Na4 Nfd7 17. Nxb6 Qxb6 18. Ba4 Ne5 19. Nd2 Nc6 20. Bxc6 Qxc6 21. b3 Rb4 22. Qd3 Rfb8 23. h4 h5 24. Nf1 a4 25. Bd2 axb3 26. axb3 R4b6 27. Ba5 R6b7 28. Nd2 Qd7 29. g3 Bh6 30. Nf1 Ra7 31. Bd2 Bg7 32. Bc3 Bc8 33. Bxg7 Kxg7 34. Ra1 Rab7 35. Nd2 Qe6 36. Qd5 Qf6 37. e5 Qf5 38. Qe4 Qxe4 39. Rxe4 Bf5 40. Re3 Bc2 41. Ra3 Rd8 42. Ne4 Bxe4 43. Rxe4 d5 44. cxd5 Rxd5 45. Re3 e6 46. f4 1/2-1/2

[Event "Najdorf Memorial-A 2022"]
[Site "Warsaw"]
[Date "2022.07.14"]
[Round "6.11"]
[White "Jedrusik, Adam"]
[Black "Sriram, Jha"]
[Result "0-1"]
[ECO "D12"]
[WhiteElo "1960"]
[BlackElo "2361"]
[Annotator "ChessBase"]
[PlyCount "68"]
[EventDate "2022.07.09"]
[EventType "swiss"]
[EventCountry "POL"]
[SourceTitle "playchess.com"]
[Source "ChessBase"]
[SourceQuality "1"]
[TimeControl "40/5400+30:1800+30"]

1. d4 d5 2. c4 c6 3. Nf3 Nf6 4. e3 Bf5 5. Nc3 e6 6. Nh4 Be4 7. f3 Bg6 8. Qb3 Qc7 9. Bd2 Be7 10. cxd5 cxd5 11. Nxg6 hxg6 12. O-O-O Nc6 13. Kb1 O-O 14. Rc1 a6 15. Qd1 e5 16. g4 exd4 17. exd4 Qd7 18. h4 Nxd4 19. Be3 Nb5 20. Nxb5 axb5 21. g5 Nh5 22. Bh3 Qd6 23. Re1 Rfe8 24. Qb3 d4 25. Bg1 d3 26. Red1 d2 27. Rc2 Bxg5 28. hxg5 Re1 29. Rc3 Qg3 30. Be3 Qxf3 31. Bxd2 Rxd1+ 32. Bc1 Qe4+ 33. Ka1 Qh1 34. Qc2 b4 0-1

[Event "Najdorf Memorial-A 2022"]
[Site "Warsaw"]
[Date "2022.07.14"]
[Round "6.12"]
[White "Harazinska, Magdalena"]
[Black "Szwaj, Justyna"]
[Result "1-0"]
[ECO "A53"]
[WhiteElo "1976"]
[BlackElo "1797"]
[Annotator "ChessBase"]
[PlyCount "67"]
[EventDate "2022.07.09"]
[EventType "swiss"]
[EventCountry "POL"]
[SourceTitle "playchess.com"]
[Source "ChessBase"]
[SourceQuality "1"]
[TimeControl "40/5400+30:1800+30"]

1. d4 Nf6 2. c4 d6 3. Nc3 Nbd7 4. e4 e5 5. d5 Nc5 6. Bd3 a5 7. Nge2 g6 8. f3 Bg7 9. Bg5 Bd7 10. Bc2 O-O 11. Qd2 Qb8 12. O-O Ne8 13. Be7 Nf6 14. Bxf8 Qxf8 15. g4 Qe7 16. Ng3 h5 17. gxh5 Nxh5 18. Nxh5 gxh5 19. Kh1 Kh7 20. Ne2 Bh6 21. Qc3 Qh4 22. f4 Bg4 23. fxe5 f5 24. Ng3 Rg8 25. exf5 Bh3 26. f6+ Kh8 27. e6 Ne4 28. Bxe4 Qxe4+ 29. Nxe4 Bg2+ 30. Kg1 Bxe4+ 31. Kf2 Rg2+ 32. Ke1 Bg5 33. f7+ Kh7 34. Qh8+ 1-0